 Dungeon Crawl Stone Soup version 0.31-a0-229-g1fc7ce93e2 (webtiles) character file.

Game seed: 17009866394056646321

2527 innerfire43 the Fighter (level 9, -8/74 HPs)
             Began as a Demonspawn Monk on July 6, 2023.
             Engulfed by a cloud of steam (12 damage)
             ... on level 7 of the Dungeon.
             The game lasted 00:07:06 (5191 turns).

innerfire43 the Fighter (Demonspawn Monk)           Turns: 5191, Time: 00:07:07

Health: -8/74      AC:  7    Str: 16    XL:     9   Next: 29%
Magic:  9/9        EV: 15    Int: 11    God:
Gold:   1238       SH:  0    Dex: 16    Spells: 8/8 levels left

rFire   . . .        w - +3 war axe (flame)
rCold   . . .        d - orb {light}
rNeg    . . .        b - +0 robe
rPois   .            (no helmet)
rElec   .            (cloak unavailable)
rCorr   +            (no gloves)
SInv    .            e - +1 pair of boots
Will    .....        m - amulet of the acrobat
Stlth   +            g - ring of resist corrosion
HPRegen 2.32/turn    (no ring)
MPRegen 0.11/turn

%: acrobat
@: confused, ambrosia-drunk, glowing
A: icy blue scales 2, powered by death 1, condensation shield, weakness stinger
3
a: no special abilities


You were on level 7 of the Dungeon.
You visited 1 branch of the dungeon, and saw 7 of its levels.

You collected 1446 gold pieces.
You spent 208 gold pieces at shops.

Inventory:

Hand Weapons
 a - a +0 hand axe
 o - a +0 war axe
 r - a +1 dagger of electrocution
 w - a +3 war axe of flaming (weapon)
 x - a +4 spear of venom
Missiles
 y - 2 throwing nets
Armour
 b - a +0 robe (worn)
 d - an orb of light (worn)
 e - a +1 pair of boots (worn)
 k - a +0 cloak
Jewellery
 g - a ring of resist corrosion (left hand)
 m - an amulet of the acrobat (around neck)
Wands
 t - a wand of mindburst (7)
 u - a wand of flame (6)
 E - a wand of polymorph (3)
Scrolls
 h - 3 scrolls of noise
 j - a scroll of teleportation
 n - a scroll of revelation
 q - a scroll of enchant armour
 B - 2 scrolls of identify
 F - a scroll of brand weapon {unknown}
 G - a scroll of torment {unknown}
Potions
 f - 4 potions of attraction {unknown}
 i - a potion of brilliance {unknown}
 l - 3 potions of might {unknown}
 p - a potion of enlightenment {unknown}
 s - 2 potions of invisibility {unknown}
 v - a potion of curing {unknown}
 z - a potion of lignification {unknown}
 A - a potion of cancellation {unknown}
 C - a potion of resistance {unknown}
 D - a potion of mutation {unknown}


   Skills:
 + Level 8.0 Fighting
 + Level 7.1 Axes
 + Level 7.2 Dodging


You had 8 spell levels left.
You didn't know any spells.
Your spell library contained the following spells:

 Spells                   Type           Power      Damage    Failure   Level
 Slow                     Hex            0%         N/A       34%         1
 Confusing Touch          Hex            0%         N/A       71%         3
 Ozocubu's Armour         Ice            0%         N/A       71%         3
 Vampiric Draining        Necr           0%         2d6       71%         3
 Metabolic Englaciation   Hex/Ice        0%         N/A       100%        5
 Simulacrum               Ice/Necr       0%         N/A       100%        6


Dungeon Overview and Level Annotations

Branches:
Dungeon (7/15)             Temple (0/1) D:6

Altars:
Vehumet

Shops:
D:1 ?   D:4 (   D:5 !


Innate Abilities, Weirdness & Mutations

You are mostly covered in icy blue scales. (AC +3)
You regenerate a little health from kills.
A meltable shield of frost defends you. (SH +0)
You have a sharp stinger which inflicts weakening toxins.


Message History

You completely miss the steam dragon. You block the ice beast's attack.
The steam dragon breathes steam at you. The ball of steam misses you.
You hear a loud, deep croak!
Your Axes skill increases to level 7!
Your Dodging skill increases to level 7!
You hit the ice beast.
You melt the ice beast.
You tail-slap the ice beast.
The ice beast looks weaker.
The ice beast is severely wounded.
You slash the steam dragon! You burn the steam dragon.
You kill the steam dragon!
The steam dragon scales are intact enough to wear.
You hit the steam dragon. You burn the steam dragon.
You are engulfed in a cloud of scalding steam.
Your condensation shield dissipates!
The steam dragon bites you! The steam dragon misses you.
The ice beast barely misses you. The steam dragon breathes steam at you.
The ball of steam hits you!!
* * * LOW HITPOINT WARNING * * *
The shadow imp misses you.
The ice beast hits you but does no damage.
You hear a loud, deep croak!
You slash the ice beast!
You melt the ice beast!
You kill the ice beast!
You slash the steam dragon! You burn the steam dragon.
You barely miss the shadow imp.
You are engulfed in a cloud of scalding steam.
* * * LOW HITPOINT WARNING * * *
A bullfrog comes into view.
The shadow imp hits you.
* * * LOW HITPOINT WARNING * * *
The steam dragon bites you.
* * * LOW HITPOINT WARNING * * *
The steam dragon claws you but does no damage.
Your Fighting skill increases to level 8!
You are confused.
You feel invigorated.
You are engulfed in a cloud of scalding steam.
You die...

#.[...+.....###...#
##...##......#.....
#...##.....(......
#.§.#.............
#§..##...##.......
. +§§.##.. #.......
... #...## #......#
.....##.5.##...
########
.......@..>....
.......D[......
...............
.......F###....
......... #...
......#.. ...
......#.. ..
......##(.


You could see a steam dragon (catching breath), a bullfrog and a shadow imp.

Vanquished Creatures
  Grinder (D:4)
  A hornet (D:7)
  A yak (D:7)
  A steam dragon (D:7)
  A water moccasin (D:6)
  A sky beast (D:6)
  3 ice beasts
  A black bear (D:6)
  An ogre (D:4)
  A phantom (D:4)
  2 bullfrogs
  A gnoll sergeant (D:5)
  A scorpion (D:5)
  4 wights (D:7)
  4 hounds
  An orc priest (D:5)
  5 jellies
  An iguana (D:5)
  A sleepcap (D:6)
  Natasha (thrice) (D:4)
  2 orc wizards (D:4)
  5 gnolls (D:5)
  8 adders
  A white imp (D:6)
  An ufetubus (D:4)
  2 dart slugs
  12 orcs
  4 bats
  6 endoplasms
  3 giant cockroaches
  10 goblins
  9 hobgoblins
  6 jackals (D:1)
  6 quokkas
  5 ball pythons
  5 frilled lizards (D:1)
  2 kobolds
  5 rats
127 creatures vanquished.

Notes
Turn   | Place    | Note
-------+----------+-------------------------------------------
     0 | D:1      | innerfire43 the Demonspawn Monk began the quest for the
                  | Orb.
     0 | D:1      | Reached XP level 1. HP: 18/18 MP: 1/1
    98 | D:1      | Gained mutation: You regenerate a little health from kills.
                  | [demonic ancestry]
    98 | D:1      | Reached XP level 2. HP: 17/24 MP: 2/2
   451 | D:1      | Reached XP level 3. HP: 29/29 MP: 3/3
   747 | D:1      | Found Zazigoj's Magic Scroll Shoppe.
  1191 | D:2      | Found a radiant altar of Vehumet.
  1273 | D:2      | Found a faded altar of an unknown god.
  1724 | D:3      | Gained mutation: You are partially covered in icy blue
                  | scales. (AC +2) [demonic ancestry]
  1724 | D:3      | Reached XP level 4. HP: 22/37 MP: 4/4
  1994 | D:3      | Reached skill level 4 in Fighting
  2212 | D:4      | Found Imoew's Weapon Shop.
  2331 | D:4      | Gained mutation: You have a small tail. [demonic ancestry]
  2331 | D:4      | Reached XP level 5. HP: 42/42 MP: 5/5
  2440 | D:4      | Noticed a phantom
  2451 | D:4      | Killed a phantom
  2452 | D:4      | Gained mutation: You are mostly covered in icy blue scales.
                  | (AC +3) [demonic ancestry]
  2452 | D:4      | Reached XP level 6. HP: 33/49 MP: 6/6
  2556 | D:4      | Reached skill level 5 in Fighting
  2710 | D:4      | Noticed Natasha
  2715 | D:4      | Killed Natasha
  2731 | D:4      | Noticed Natasha
  2738 | D:4      | Killed Natasha
  2750 | D:4      | Noticed Grinder
  2753 | D:4      | Paralysed by Grinder for 2 turns
  2765 | D:4      | Killed Grinder
  2766 | D:4      | Reached skill level 5 in Dodging
  2766 | D:4      | Gained mutation: A meltable shield of frost defends you.
                  | (SH +0) [demonic ancestry]
  2766 | D:4      | Reached XP level 7. HP: 18/56 MP: 7/7
  2879 | D:4      | Noticed Natasha
  2890 | D:4      | Killed Natasha
  2891 | D:4      | Reached skill level 5 in Axes
  3248 | D:4      | Bought a +1 war axe of flaming for 133 gold pieces
  3318 | D:5      | Entered Level 5 of the Dungeon
  3318 | D:5      | Found Quikkaeg's Distillery.
  3370 | D:5      | Bought a potion of heal wounds for 75 gold pieces
  3594 | D:5      | Reached skill level 6 in Fighting
  3977 | D:5      | Identified a scroll of acquirement
  3977 | D:5      | Acquired 1118 gold pieces
  4006 | D:6      | Gained mutation: You have a tail ending in a sharp stinger.
                  | [demonic ancestry]
  4006 | D:6      | Reached XP level 8. HP: 65/65 MP: 8/8
  4188 | D:6      | Found a staircase to the Ecumenical Temple.
  4560 | D:6      | Reached skill level 7 in Fighting
  4755 | D:7      | Noticed a hornet
  4772 | D:7      | Killed a hornet
  4773 | D:7      | Gained mutation: You have a sharp stinger which inflicts
                  | weakening toxins. [demonic ancestry]
  4773 | D:7      | Reached XP level 9. HP: 14/72 MP: 9/9
  5191 | D:7      | Reached skill level 8 in Fighting
  5191 | D:7      | Engulfed by a cloud of steam

Illustrated notes

Levels and vault maps discovered:
D:1:      grunt_arrival_crossed_arrows, layout_basic, serial_shops,
          nicolae_shop_advertising_works [nicolae_subvault_shop_adworks],
          minmay_misc_feat_plants, minmay_tree_intersection, minmay_lizard_king
D:2:      layout_basic, basic_altar, basic_ecumenical_altar,
          dreamdust_wishing_well, kennysheep_generic_room_6
D:3:      layout_rooms
D:4:      layout_gridville, mainiacjoe_overflow_cross_hatched,
          mainiacjoe_overflow_concentric_impassable, serial_shops,
          nicolae_shop_pleasant_corner_grove, uniq_grinder, uniq_natasha
D:5:      layout_loops_ring, serial_shops, shop, serial_bayou,
          serial_bayou_crossing, serial_bayou_pond_e, serial_bayou_pond_a,
          serial_bayou_pond_a
D:6:      layout_basic, minmay_temple_entry_purple_smoke, minivault_22,
          nicolae_concentric_dashed_squares_mild
D:7:      layout_gridville, serial_glass, glass_columns_b, glass_columns_b,
          due_unseen_surprise, minmay_strange_pillars, item_on_display_a,
          minmay_bent

Skill      XL: |  1  2  3  4  5  6  7  8  9 |
---------------+----------------------------+-----
Dodging        | 3 4 5 6 7 |  7.2
Axes           | 3 4 5 6 7 |  7.1
Fighting       | 4 5 6 7 8 |  8.0

Action                     |  1- 3 |  4- 6 |  7- 9 || total
---------------------------+-------+-------+-------++-------
  Melee: Hand axe          |   136 |     6 |       ||   142
         War axe           |       |    93 |   115 ||   208
         Tailslap          |       |     5 |    22 ||    27
    Use: Scroll            |       |     2 |     8 ||    10
         Potion            |       |       |     4 ||     4
 Armour: Robe              |    21 |    30 |    32 ||    83
  Dodge: Dodged            |    99 |    73 |   107 ||   279
  Block: Orb               |       |       |    23 ||    23

Table legend: (Time is in decaauts)
 A = Elapsed time spent in this place.
 B = Non-inter-level travel time spent in this place.
 C = Inter-level travel time spent in this place.
 D = Time resting spent in this place.
 E = Time spent auto-exploring this place.
 F = Levels seen in this place.
 G = Mean time per level.
                   A        B        C        D        E       F      G
               +--------+--------+--------+--------+--------+-----+--------+
         Total |   5281 |   4798 |    483 |      0 |   3923 |   7 |  754.4 |
       Dungeon |   5281 |   4798 |    483 |      0 |   3923 |   7 |  754.4 |
               +--------+--------+--------+--------+--------+-----+--------+

Top non-repeatable levels by time:
     D:4: 1148 daAuts
     D:1: 1142 daAuts
     D:5: 690 daAuts
     D:6: 665 daAuts
     D:2: 588 daAuts
     D:7: 558 daAuts
     D:3: 487 daAuts
